[Event "Titled Tuesday Blitz May 10 Early 2022"]
[White "Karacsonyi, Gellert"]
[Black "Sharbaf, Mohsen"]
[WhiteFideId "764620"]
[BlackFideId "12501808"]
[WhiteElo "2187"]
[BlackElo "2187"]
[Result "1-0"]
[Round "02"]
[TimeControl "180+1"]
[Date "2022.05.11"]
[WhiteClock "0:00:11"]
[BlackClock "0:00:07"]

1. e4 c5 2. Nf3 e6 3. d4 cxd4 4. Nxd4 a6 5. c4 Nf6 6. Nc3 Bb4 7. Qd3 Nc6 8. Nxc6 dxc6 9. Qxd8+ Kxd8 10. e5 Ng4 11. Bf4 Bxc3+ 12. bxc3 c5 13. Be2 h5 14. h3 Nh6 15. O-O-O+ Kc7 16. Bxh5 Bd7 17. Rd2 Bc6 18. Bxh6 Rxh6 19. Be2 Bxg2 20. Rg1 Be4 21. Rxg7 Bg6 22. Bd3 Rf8 23. f4 Bxd3 24. Rxd3 Rh4 25. Rg4 Rfh8 26. Rxh4 Rxh4 27. Rf3 Kc6 28. Kd2 b5 29. cxb5+ axb5 30. Ke3 Kd5 31. Kd3 c4+ 32. Ke3 Kc5 33. a3 Kb6 34. Kd4 Ka5 35. Kc5 Rh8 36. Kc6 Rd8 37. f5 Rd3 38. fxe6 fxe6 39. Rf8 Ka4 40. Ra8+ Kb3 41. Kxb5 Rxc3 42. a4 Rd3 43. a5 Rd5+ 44. Kb6 c3 45. a6 Rxe5 46. a7 Re1 47. Re8 c2 48. a8=Q c1=Q 49. Rb8 Qe3+ 50. Kc7+ Kc4 51. Qa4+ Kd3 52. Rb3+ Ke2 53. Rxe3+ Kxe3 54. Qb3+ Kf4 55. Qb4+ Re4 56. Qd2+ Kf5 57. Qd3 e5 58. h4 Kf4 59. h5 Re3 60. Qxe3+ Kxe3 61. h6 e4 62. h7 Kd2 63. h8=Q e3 64. Qd4+ Ke2 65. Kd6 Kf2 66. Qf4+ Ke2 67. Kd5 Kd2 68. Kd4 Ke2 69. Qxe3+ Kd1 70. Qf2 Kc1 71. Kc3 Kb1 72. Qb2# 1-0


[Site "https://www.chess.com"]

[Event "Titled Tuesday Blitz May 10 Early 2022"]
[White "Karolczuk, Iwo"]
[Black "Duarte, Leonardo"]
[WhiteFideId "21816972"]
[BlackFideId "110582"]
[WhiteElo "2258"]
[BlackElo "2217"]
[Result "1-0"]
[Round "02"]
[TimeControl "180+1"]
[Date "2022.05.11"]
[WhiteClock "0:00:03"]
[BlackClock "0:00:02"]

1. d4 Nf6 2. c4 g6 3. Nc3 Bg7 4. g3 O-O 5. Bg2 d6 6. Nf3 Bf5 7. O-O Nc6 8. d5 Na5 9. Nd4 Bd7 10. b3 c5 11. dxc6 Nxc6 12. Nxc6 Bxc6 13. Bb2 Bxg2 14. Kxg2 Qd7 15. Qd3 a6 16. a4 Rac8 17. Rad1 Qc6+ 18. e4 Rfe8 19. Rfe1 Nd7 20. Qc2 Nc5 21. Nd5 Bxb2 22. Qxb2 b5 23. cxb5 axb5 24. a5 b4 25. Re3 Qb5 26. e5 dxe5 27. Qxe5 Qc6 28. Rc1 Qb7 29. Kg1 Ne6 30. Rce1 Rc5 31. Nf6+ exf6 32. Qxf6 Qc7 33. h4 Rc1 34. h5 Rxe1+ 35. Rxe1 Qd8 36. Qe5 Rf8 37. h6 Qd7 38. Qf6 1-0


[Site "https://www.chess.com"]

[Event "Titled Tuesday Blitz May 10 Early 2022"]
[White "Kashefi, Amir Hosein"]
[Black "Suleymanli, Suleyman"]
[WhiteFideId "12557935"]
[BlackFideId "13416375"]
[WhiteElo "2005"]
[BlackElo "1598"]
[Result "0-1"]
[Round "02"]
[TimeControl "180+1"]
[Date "2022.05.11"]
[WhiteClock "0:00:01"]
[BlackClock "0:02:15"]

1. d4 d5 2. Nf3 Bf5 3. g3 e6 4. Bg2 Nf6 5. O-O Be7 6. c4 c6 7. Nc3 Nbd7 8. Bg5 h6 9. Bxf6 Bxf6 10. b3 O-O 11. e3 Rb8 12. Rc1 b5 13. cxb5 cxb5 14. Ne2 a5 15. Nf4 Be7 16. Nd3 Bd6 17. Qd2 a4 18. b4 Nb6 19. Nfe5 Nc4 20. Nxc4 bxc4 21. Nc5 Bxc5 22. dxc5 a3 23. e4 dxe4 24. Qxd8 Rfxd8 25. Rxc4 Rd2 26. c6 Rxa2 27. c7 Rc8 28. Rd1 e5 29. Rd8+ Kh7 30. Rxc8 Bxc8 31. Bxe4+ f5 32. Bxf5+ Bxf5 33. c8=Q Bxc8 34. Rxc8 Ra1+ 35. Kg2 Rb1 36. Ra8 Rxb4 37. Rxa3 Rb5 38. Re3 Rd5 39. h4 Kg6 40. Re2 Kf5 41. Rc2 g5 42. Re2 gxh4 43. gxh4 Rd4 44. Kg3 h5 45. f3 Rd1 46. Ra2 Rg1+ 47. Kh2 Rg6 48. Re2 Kf4 49. Re1 Rb6 50. Re4+ Kf5 51. Kg3 Rg6+ 52. Kh3 Rd6 53. Re3 Rd4 54. Kg3 Ra4 55. Re1 Ra3 56. Re2 Rd3 57. Re1 Rd2 58. Rg1 Re2 59. Kh3 Kf4 60. Rg5 Kxf3 61. Rxh5 e4 62. Rf5+ Ke3 63. h5 Ra2 64. h6 Ra8 65. Rh5 Kf4 66. h7 Rh8 67. Kg2 Kg4 68. Rh1 e3 69. Kf1 Kf3 70. Rh3+ Ke4 71. Rh2 Kd3 72. Ke1 Ke4 73. Ke2 Kf4 74. Rh3 Kg4 75. Rh1 Kf4 76. Rg1 Rxh7 77. Rf1+ Ke4 78. Rg1 Rh2+ 79. Ke1 Kd3 80. Kf1 Rf2+ 0-1


[Site "https://www.chess.com"]

[Event "Titled Tuesday Blitz May 10 Early 2022"]
[White "Keller, Peter"]
[Black "Beerdsen, Thomas"]
[WhiteFideId "1272105"]
[BlackFideId "1030108"]
[WhiteElo "2275"]
[BlackElo "2585"]
[Result "0-1"]
[Round "02"]
[TimeControl "180+1"]
[Date "2022.05.11"]
[WhiteClock "0:01:46"]
[BlackClock "0:02:24"]

1. e4 e5 2. Nf3 Nc6 3. Bb5 f5 4. d3 fxe4 5. dxe4 Nf6 6. O-O d6 7. Nc3 Be7 8. h3 O-O 9. a3 Kh8 10. Bc4 Qe8 11. Kh1 Qh5 12. Nd5 Nxe4 13. Be3 Bxh3 14. gxh3 Rxf3 0-1


[Site "https://www.chess.com"]

[Event "Titled Tuesday Blitz May 10 Early 2022"]
[White "Khumalo, Keith"]
[Black "Girinath, P.D.S."]
[WhiteFideId "14319470"]
[BlackFideId "5000572"]
[WhiteElo "2057"]
[BlackElo "2369"]
[Result "0-1"]
[Round "02"]
[TimeControl "180+1"]
[Date "2022.05.11"]
[WhiteClock "0:00:24"]
[BlackClock "0:00:25"]

1. Nf3 e6 2. b3 f5 3. Bb2 Nf6 4. c4 Be7 5. g3 O-O 6. Bg2 d6 7. O-O e5 8. d3 a5 9. a3 Nc6 10. Nc3 Qe8 11. Nb5 Bd8 12. d4 e4 13. Ne1 d5 14. cxd5 Ne7 15. d6 Qxb5 16. dxe7 Bxe7 17. a4 Qb6 18. Rc1 Be6 19. d5 Nxd5 20. Bd4 Qa6 21. Qc2 Rad8 22. Qb2 Bf6 23. Nc2 g6 24. Bxf6 Nxf6 25. Nd4 Bf7 26. Rxc7 Qb6 27. Nb5 Nd5 28. Rcc1 Be8 29. Nd4 Bxa4 30. Rfd1 Nf6 31. e3 Be8 32. Qc3 Bf7 33. Qc5 Qxc5 34. Rxc5 Bxb3 35. Rb1 a4 36. Bf1 Rc8 37. Nxb3 axb3 38. Rxc8 Rxc8 39. Rxb3 Rc7 40. Rb6 Ng4 41. h3 Ne5 42. Bg2 Rc1+ 43. Kh2 Rc2 44. Kg1 Rc1+ 45. Kh2 Nd3 46. f3 Rc2 47. Kg1 Ne1 48. Bh1 Nxf3+ 49. Bxf3 exf3 50. Rxb7 Rg2+ 51. Kf1 Rxg3 52. h4 Rh3 53. Kf2 h6 54. Ra7 g5 55. hxg5 hxg5 56. Ra5 g4 57. Rxf5 Rh2+ 58. Kg1 Rg2+ 59. Kf1 Kg7 60. e4 Kg6 61. Rf8 Kg5 62. e5 Re2 63. Re8 Kf4 64. e6 Kg3 65. e7 Re6 66. Rg8 Rxe7 0-1


[Site "https://www.chess.com"]

[Event "Titled Tuesday Blitz May 10 Early 2022"]
[White "Korchmar, Vasiliy"]
[Black "talman67"]
[WhiteFideId "24131750"]
[WhiteElo "2370"]
[BlackElo "2223"]
[Result "1-0"]
[Round "02"]
[TimeControl "180+1"]
[Date "2022.05.11"]
[WhiteClock "0:00:08"]
[BlackClock "0:00:02"]

1. e4 e5 2. Nf3 Nc6 3. Nc3 Nf6 4. h3 d5 5. exd5 Nxd5 6. Bb5 Nxc3 7. bxc3 Bd6 8. d4 exd4 9. O-O O-O 10. cxd4 Qf6 11. Bb2 Bf5 12. Bd3 Rfe8 13. c4 Rad8 14. Rb1 Bxd3 15. Qxd3 Qg6 16. Qb3 b6 17. Rfe1 h6 18. Kh1 Ne7 19. Qa4 a5 20. d5 Kf8 21. Be5 Nf5 22. Rb2 Bxe5 23. Nxe5 Qd6 24. Rbe2 Kg8 25. Re4 Qb4 26. Qc2 Nd6 27. Rg4 1-0


[Site "https://www.chess.com"]

[Event "Titled Tuesday Blitz May 10 Early 2022"]
[White "Kovalenko, Igor"]
[Black "Dang, Hoang Son"]
[WhiteFideId "14117908"]
[BlackFideId "12402435"]
[WhiteElo "2560"]
[BlackElo "2252"]
[Result "1-0"]
[Round "02"]
[TimeControl "180+1"]
[Date "2022.05.10"]
[WhiteClock "0:01:04"]
[BlackClock "0:00:06"]

1. c4 Nf6 2. Nf3 g6 3. b3 Bg7 4. Bb2 O-O 5. g3 d6 6. Bg2 e5 7. O-O Nbd7 8. Nc3 c6 9. e4 Re8 10. Re1 Nc5 11. d3 a5 12. h3 Bd7 13. Kh2 b5 14. Qc2 b4 15. Nd1 a4 16. Ne3 Qc7 17. Rf1 Ra6 18. Rab1 Rea8 19. Bc1 axb3 20. axb3 Ra2 21. Rb2 Qa7 22. Nd2 Ne6 23. Nf3 Ra1 24. Bd2 Rxf1 25. Bxf1 Qc5 26. Ra2 Ra3 27. Bc1 Ra5 28. Qb1 Qa7 29. Rxa5 Qxa5 30. Nc2 c5 31. Bg2 Ne8 32. Ne3 N8c7 33. h4 Nd4 34. Nxd4 cxd4 35. Nc2 f5 36. Bd2 Na6 37. Bh3 Kf7 38. h5 Qc7 39. hxg6+ hxg6 40. Nxb4 Nxb4 41. Bxb4 fxe4 42. dxe4 Bxh3 43. Kxh3 Bf8 44. Qd3 Kg7 45. Kg2 Qb7 46. Bd2 Be7 47. b4 d5 48. exd5 Qa8 49. Qe4 Bf6 50. c5 Qa2 51. Be1 Qc4 52. d6 Qb5 53. g4 d3 54. g5 Bxg5 55. Qxe5+ Bf6 56. Qd5 Qd7 57. Qxd3 Qg4+ 58. Kf1 Bd4 59. Bc3 Bxc3 60. Qxc3+ Kf7 61. f3 Qh3+ 62. Ke2 Qg2+ 63. Ke3 Qg1+ 64. Ke4 Ke6 65. Qc4+ Kd7 66. Qb5+ Ke6 67. Qe8+ Kf6 68. Qe7# 1-0


[Site "https://www.chess.com"]

[Event "Titled Tuesday Blitz May 10 Early 2022"]
[White "Kozak, Adam"]
[Black "Aggelis, Nikolaos"]
[WhiteFideId "753246"]
[BlackFideId "4213220"]
[WhiteElo "2459"]
[BlackElo "2154"]
[Result "1-0"]
[Round "02"]
[TimeControl "180+1"]
[Date "2022.05.10"]
[WhiteClock "0:00:09"]
[BlackClock "0:00:06"]

1. e4 c5 2. Nf3 e6 3. c4 d5 4. exd5 exd5 5. d4 Nf6 6. cxd5 Nxd5 7. Bb5+ Nc6 8. O-O Be7 9. dxc5 O-O 10. Bc4 Be6 11. Bxd5 Qxd5 12. Be3 Rfd8 13. Qxd5 Rxd5 14. Nc3 Rh5 15. Ne4 Bd5 16. Ng3 Bxf3 17. gxf3 Rd5 18. Rfc1 f5 19. Ne2 Bf6 20. Rab1 a5 21. b3 Rad8 22. a3 Nd4 23. Bxd4 Bxd4 24. b4 axb4 25. axb4 Be5 26. b5 Rc8 27. c6 bxc6 28. bxc6 Kf7 29. Rb7+ Rc7 30. Rc4 Ke6 31. Nc3 Rd8 32. Rxc7 Bxc7 33. Nb5 Rc8 34. Rc2 Kd5 35. Kg2 Bf4 36. h4 h5 37. c7 g6 38. Ra2 Kc4 39. Rb2 Be5 40. Rb1 Bf4 41. Kh3 Kc5 42. Rb2 Be5 43. Rb1 Bf4 44. Rb3 Be5 45. Na3 Rxc7 46. Rb5+ Kd4 47. Rb6 Rc3 48. Nb5+ Kd5 49. Nxc3+ Bxc3 50. Rxg6 Be1 51. Rg5 Bxf2 52. Rxf5+ Ke6 53. Rxh5 Be3 54. Kg4 Kf6 55. Rf5+ Kg6 56. h5+ Kh6 57. Rd5 Bd2 58. Rd6+ Kh7 59. Rxd2 1-0


[Site "https://www.chess.com"]

[Event "Titled Tuesday Blitz May 10 Early 2022"]
[White "Koziorowicz, Michal"]
[Black "Onslow, Alfie"]
[WhiteFideId "21809194"]
[BlackFideId "436976"]
[WhiteElo "2219"]
[BlackElo "1885"]
[Result "1-0"]
[Round "02"]
[TimeControl "180+1"]
[Date "2022.05.11"]
[WhiteClock "0:01:19"]
[BlackClock "0:00:36"]

1. e4 c5 2. Nf3 Nc6 3. Bb5 g6 4. Bxc6 dxc6 5. O-O Bg7 6. Re1 e5 7. d3 Ne7 8. Be3 b6 9. Qd2 O-O 10. Nc3 Bg4 11. Nh4 Qd6 12. h3 Be6 13. Ne2 c4 14. d4 Rfd8 15. c3 c5 16. d5 Bd7 17. Bh6 b5 18. Ng3 f6 19. Bxg7 Kxg7 20. Rad1 Qa6 21. a3 Nc8 22. f4 Nd6 23. fxe5 fxe5 24. Qg5 Re8 25. Nh5+ Kg8 26. Nf6+ Kg7 27. Nxd7 1-0


[Site "https://www.chess.com"]

[Event "Titled Tuesday Blitz May 10 Early 2022"]
[White "Krstulovic, Alex"]
[Black "Clarke, Brandon G I"]
[WhiteFideId "760056"]
[BlackFideId "400319"]
[WhiteElo "2193"]
[BlackElo "2414"]
[Result "0-1"]
[Round "02"]
[TimeControl "180+1"]
[Date "2022.05.10"]
[WhiteClock "0:00:33"]
[BlackClock "0:01:42"]

1. e4 c5 2. Nf3 d6 3. d4 cxd4 4. Nxd4 Nf6 5. Nc3 a6 6. Be3 e5 7. Nb3 Be6 8. f3 h5 9. Nd5 Bxd5 10. exd5 Nbd7 11. c4 a5 12. a4 g6 13. Bd3 Bh6 14. Bf2 h4 15. O-O Nh5 16. c5 dxc5 17. Nxc5 Nxc5 18. Bxc5 f5 19. Qb3 Rc8 20. Qb5+ Qd7 21. Qb6 Kf7 22. Bb5 Qxd5 23. Bf2 Rhd8 24. h3 Ng3 25. Rfd1 Qxd1+ 0-1


[Site "https://www.chess.com"]

[Event "Titled Tuesday Blitz May 10 Early 2022"]
[White "Lamaze, Simon"]
[Black "Bashirli, Saadat"]
[WhiteFideId "36069264"]
[BlackFideId "13429990"]
[WhiteElo "1999"]
[BlackElo "1173"]
[Result "1-0"]
[Round "02"]
[TimeControl "180+1"]
[Date "2022.05.11"]
[WhiteClock "0:01:24"]
[BlackClock "0:00:05"]

1. d4 d5 2. c4 e6 3. Nf3 c6 4. g3 Nf6 5. Bg2 dxc4 6. Ne5 Bd6 7. Nxc4 O-O 8. Nxd6 Qxd6 9. O-O Nbd7 10. b3 Nb6 11. Ba3 Qd8 12. Bxf8 Kxf8 13. Nc3 Bd7 14. Qd2 Qc7 15. Qf4 Qxf4 16. gxf4 Rd8 17. e3 Nbd5 18. Nxd5 exd5 19. b4 Bf5 20. Rfc1 Bd3 21. a4 a6 22. Bf1 Bxf1 23. Kxf1 Ne4 24. Ke2 Nd6 25. Kd3 f5 26. h4 Nc4 27. Rxc4 dxc4+ 28. Kxc4 Rd5 29. Rb1 b5+ 30. axb5 axb5+ 31. Kc3 Rd7 32. Ra1 Rc7 33. Ra8+ Kf7 34. h5 g6 35. h6 Kf6 36. Rg8 Rd7 37. Rc8 Rd6 38. Rc7 g5 39. fxg5+ Kxg5 40. Rxh7 Kg6 41. Rh8 Rf6 42. Kd3 f4 43. e4 Rf7 44. e5 Ra7 45. Ke4 Ra4 46. e6 Rxb4 47. e7 c5 48. e8=Q+ Kf6 49. Rf8+ Kg5 50. Qe7+ Kg4 51. Rg8+ Kh3 52. Qe6+ Kh2 53. Qg4 Rxd4+ 54. Ke5 f3 55. Qh5+ 1-0


[Site "https://www.chess.com"]

[Event "Titled Tuesday Blitz May 10 Early 2022"]
[White "Lazavik, Denis"]
[Black "Di Nicolantonio, Lucas"]
[WhiteFideId "13515110"]
[BlackFideId "680460"]
[WhiteElo "2437"]
[BlackElo "2381"]
[Result "1-0"]
[Round "02"]
[TimeControl "180+1"]
[Date "2022.05.11"]
[WhiteClock "0:01:06"]
[BlackClock "0:00:58"]

1. d4 Nf6 2. c4 e5 3. dxe5 Ng4 4. Bf4 Nc6 5. Nf3 Bb4+ 6. Nbd2 Qe7 7. e3 Ngxe5 8. Nxe5 Nxe5 9. Be2 d6 10. a3 Bxd2+ 11. Qxd2 b6 12. O-O Bb7 13. b4 Ng6 14. Bg3 h5 15. f3 h4 16. Bf2 h3 17. g3 O-O 18. Rac1 Ne5 19. e4 f5 20. c5 fxe4 21. f4 Nd3 22. c6 Nxc1 23. Bc4+ d5 24. Qxd5+ Rf7 25. cxb7 Rd8 26. Qxf7+ Qxf7 27. Bxf7+ Kxf7 28. Rxc1 c5 1-0


[Site "https://www.chess.com"]

[Event "Titled Tuesday Blitz May 10 Early 2022"]
[White "Le, Tuan Minh"]
[Black "Jarovinsky, Alexey"]
[WhiteFideId "12401153"]
[BlackFideId "14115131"]
[WhiteElo "2450"]
[BlackElo "2446"]
[Result "1/2-1/2"]
[Round "02"]
[TimeControl "180+1"]
[Date "2022.05.10"]
[WhiteClock "0:00:12"]
[BlackClock "0:00:05"]

1. d4 Nc6 2. Nf3 d6 3. Bf4 Nf6 4. e3 g6 5. h3 Bg7 6. Be2 O-O 7. O-O Ne4 8. Bh2 e5 9. c3 b6 10. dxe5 dxe5 11. Qa4 Qd5 12. Rd1 Nc5 13. Rxd5 Nxa4 14. Bb5 Ne7 15. Rd2 Nc5 16. Bxe5 Bb7 17. Bxg7 Kxg7 18. Na3 a6 19. Be2 b5 20. Rad1 Nf5 21. Nc2 Nd6 22. Nfe1 Nde4 23. Rd4 Na4 24. Bf3 Rfe8 25. Rb1 c5 26. Rd7 Bc6 27. Rc7 Rac8 28. Rxc8 Rxc8 29. Bxe4 Bxe4 30. f3 Bxc2 31. Nxc2 Rd8 32. Na1 Nxb2 33. Rxb2 Rd1+ 34. Kf2 Rxa1 35. Ke2 c4 36. e4 g5 37. Ke3 Rd1 38. Rd2 Rc1 39. Kd4 Kf6 40. a4 Rb1 41. axb5 axb5 42. Ra2 Kg6 43. Ra6+ Kg7 44. Rb6 Rb3 45. g3 h6 46. f4 gxf4 47. gxf4 Rb1 48. f5 Rd1+ 49. Ke5 Rd3 50. Rxb5 Rxc3 51. h4 Rh3 52. Rc5 c3 53. Rc8 h5 54. f6+ Kh7 55. Kf5 Rxh4 56. Rxc3 Rh1 57. Rc7 Rf1+ 58. Kg5 Rg1+ 59. Kxh5 Rh1+ 60. Kg5 Rg1+ 61. Kf5 Rf1+ 62. Ke5 Kg6 63. Rc8 Rxf6 64. Rg8+ Kh7 65. Rg1 Re6+ 66. Kf5 Rh6 67. e5 Re6 68. Rg2 Kh8 69. Ke4 Kh7 70. Kd5 Kh8 71. Rg3 Kh7 72. Rg5 Kh8 73. Rg1 Kh7 74. Ke4 Kh8 75. Kf5 Kh7 76. Rd1 Kg7 77. Rd7 Kf8 78. Rd8+ Ke7 79. Ra8 Rb6 80. Kg5 Rc6 81. Kf4 Rb6 82. Rc8 Ra6 83. Kf5 Rb6 84. Rc7+ Kf8 85. Rd7 Kg7 86. Rd6 Rb7 87. Kg5 Ra7 88. Kf5 Re7 89. Rd4 Rc7 90. Rg4+ Kf8 91. e6 Rc5+ 92. Kf6 Rc6 93. Re4 Rxe6+ 94. Rxe6 fxe6 95. Kxe6 1/2-1/2


[Site "https://www.chess.com"]

[Event "Titled Tuesday Blitz May 10 Early 2022"]
[White "Lewicki, Miroslaw"]
[Black "Santos Ruiz, Miguel"]
[WhiteFideId "1113380"]
[BlackFideId "22291482"]
[WhiteElo "2283"]
[BlackElo "2486"]
[Result "1/2-1/2"]
[Round "02"]
[TimeControl "180+1"]
[Date "2022.05.11"]
[WhiteClock "0:00:11"]
[BlackClock "0:00:16"]

1. e4 c5 2. Nf3 d6 3. Nc3 e6 4. g3 a6 5. Bg2 b5 6. O-O Bb7 7. d4 cxd4 8. Nxd4 Nf6 9. Be3 Qc7 10. f4 Be7 11. Qe2 Nbd7 12. a3 Rc8 13. Rad1 O-O 14. g4 Nc5 15. Bf2 d5 16. exd5 Nxd5 17. Nxd5 Bxd5 18. Bxd5 exd5 19. Nf5 Rfe8 20. Rxd5 Bf8 21. Re5 Rxe5 22. fxe5 Ne6 23. c3 Rd8 24. h4 Qc6 25. Bg3 Bc5+ 26. Kh2 Qd5 27. Nd6 f6 28. Rd1 Qb3 29. exf6 gxf6 30. Rd2 Bxd6 31. Bxd6 Qc4 32. Qxc4 bxc4 33. Kg3 Nc5 34. Kf3 Nd3 35. Bg3 Ne5+ 36. Ke2 Rxd2+ 37. Kxd2 Nxg4 38. b3 cxb3 39. c4 Ne3 40. Kc3 b2 41. Kxb2 Nxc4+ 42. Kb3 Ne3 43. Ka4 Kf7 44. Ka5 Nc4+ 45. Kb4 Ne3 46. Ka5 Nc4+ 47. Kb4 Ne3 48. Ka5 1/2-1/2


[Site "https://www.chess.com"]

[Event "Titled Tuesday Blitz May 10 Early 2022"]
[White "Li, Xueyi"]
[Black "Stribuk, Artiom"]
[WhiteFideId "8605912"]
[BlackFideId "13515659"]
[WhiteElo "2091"]
[BlackElo "2259"]
[Result "0-1"]
[Round "02"]
[TimeControl "180+1"]
[Date "2022.05.11"]
[WhiteClock "0:01:03"]
[BlackClock "0:01:05"]

1. d4 Nf6 2. c4 c5 3. d5 b5 4. cxb5 a6 5. e3 g6 6. Nc3 Bg7 7. Nf3 O-O 8. bxa6 Bxa6 9. Be2 d6 10. O-O Nbd7 11. Rb1 Qa5 12. a3 Rfb8 13. e4 Ng4 14. Re1 Bxc3 15. Bxa6 Bxe1 16. Nxe1 Rxa6 17. Bd2 Qa4 18. Qxg4 Nf6 19. Qe2 Qxe4 0-1


[Site "https://www.chess.com"]

[Event "Titled Tuesday Blitz May 10 Early 2022"]
[White "Lomaia, Diana"]
[Black "Harshavardhan G B"]
[WhiteFideId "13612476"]
[BlackFideId "25059009"]
[WhiteElo "1744"]
[BlackElo "1831"]
[Result "0-1"]
[Round "02"]
[TimeControl "180+1"]
[Date "2022.05.11"]
[WhiteClock "0:00:07"]
[BlackClock "0:00:17"]

1. d4 Nf6 2. c4 e5 3. dxe5 Ng4 4. Bf4 Nc6 5. Nf3 Bb4+ 6. Nbd2 Qe7 7. a3 Ngxe5 8. Nxe5 Nxe5 9. e3 Bd6 10. Nf3 Nxc4 11. Bxc4 Bxf4 12. Qd4 Bh6 13. O-O O-O 14. e4 d6 15. Qd3 Be6 16. Bd5 c6 17. Bc4 Rad8 18. Rfe1 Rfe8 19. b4 Bf4 20. Rad1 h6 21. h3 Qd7 22. Nd4 Bxc4 23. Qxc4 d5 24. exd5 Rxe1+ 25. Rxe1 Qxd5 26. Qxd5 Rxd5 27. Nb3 b6 28. g3 Bd6 29. Re3 c5 30. bxc5 Bxc5 31. Nxc5 Rxc5 32. Re8+ Kh7 33. Re7 Ra5 34. Re3 Kg6 35. Kg2 Ra4 36. Rd3 f6 37. Kf3 a5 38. Ke2 b5 39. Rb3 b4 40. axb4 Rxb4 41. Ra3 a4 42. Ra2 Kf5 43. Ra3 Ke4 44. f3+ Kd4 45. Rd3+ Kc4 46. Rd8 Rb2+ 47. Ke3 Rb7 48. Ra8 Kb3 49. Kd3 a3 50. Rc8 a2 51. Rc1 Kb2 52. Rc2+ Ka3 53. Rc1 Rb1 54. Rc3+ Rb3 0-1


[Site "https://www.chess.com"]

[Event "Titled Tuesday Blitz May 10 Early 2022"]
[White "Maevsky, Nikolay"]
[Black "Paiva, Henrique M A Albergaria"]
[WhiteFideId "4198220"]
[BlackFideId "1920995"]
[WhiteElo "2149"]
[BlackElo "1975"]
[Result "1-0"]
[Round "02"]
[TimeControl "180+1"]
[Date "2022.05.11"]
[WhiteClock "0:00:04"]
[BlackClock "0:01:53"]

1. d4 d5 2. Nf3 c6 3. e3 Nf6 4. Nbd2 Bg4 5. h3 Bxf3 6. Nxf3 e6 7. c4 Bd6 8. Bd3 O-O 9. O-O Nbd7 10. b3 e5 11. dxe5 Nxe5 12. Nxe5 Bxe5 13. Rb1 dxc4 14. Bxc4 Qe7 15. Bb2 Rad8 16. Qc2 Bxb2 17. Qxb2 Ne4 18. Rbd1 Rxd1 19. Rxd1 Rd8 20. Rd4 h6 21. b4 Nf6 22. a3 Rxd4 23. Qxd4 a5 24. Bd3 axb4 25. axb4 Nd5 26. b5 Qa3 27. bxc6 bxc6 28. Kh2 Qd6+ 29. g3 c5 30. Qe4 Nf6 31. Qa8+ Qf8 32. Qc6 Qe7 33. Qc8+ Qf8 34. Qc7 Ne8 35. Qc6 Qe7 36. Bc4 Nf6 37. Qc8+ Kh7 38. Qc6 g6 39. Qc8 Kg7 40. Qc6 Nd7 41. Qd5 Ne5 42. Be2 Qf6 43. f4 Nc6 44. Qxc5 Ne7 45. Qd4 Nf5 46. Qxf6+ Kxf6 47. e4 Nd4 48. e5+ Kf5 49. Bd3+ Ke6 50. Be4 g5 51. Kg2 f5 52. Bb1 Ke7 53. Kf2 g4 54. hxg4 fxg4 55. f5 Nc6 56. e6 Kf6 57. Ke3 Ne7 58. Kf4 h5 59. Be4 Ng8 60. Bc6 Ne7 61. Be8 Nxf5 62. Bxh5 Ne7 63. Bxg4 Kg6 64. Ke5 Kg7 65. Kd6 Ng6 66. e7 Nxe7 67. Kxe7 Kg6 68. Bf3 Kg5 69. g4 Kf4 70. Kf6 1-0


[Site "https://www.chess.com"]

[Event "Titled Tuesday Blitz May 10 Early 2022"]
[White "Maksimenko, Viktor"]
[Black "Alekseenko, Kirill"]
[WhiteFideId "13710478"]
[BlackFideId "4135539"]
[WhiteElo "2269"]
[BlackElo "2682"]
[Result "0-1"]
[Round "02"]
[TimeControl "180+1"]
[Date "2022.05.10"]
[WhiteClock "0:00:02"]
[BlackClock "0:00:16"]

1. d4 d5 2. c4 dxc4 3. Nf3 a6 4. e3 Bg4 5. Bxc4 e6 6. O-O Nf6 7. Nc3 Nc6 8. h3 Bh5 9. Be2 Bd6 10. b3 O-O 11. Bb2 Qe8 12. Rc1 Rd8 13. Nb1 Nd5 14. Nbd2 f5 15. Nc4 Nf6 16. a3 Ne7 17. Nfe5 Bxe2 18. Qxe2 Ned5 19. Rfd1 Ne4 20. Nd2 Nxd2 21. Rxd2 c6 22. Nc4 Bc7 23. Re1 Qg6 24. e4 Nf4 25. Qf3 fxe4 26. Qxe4 Nxh3+ 27. Kf1 Qxe4 28. Rxe4 Nf4 29. g3 Nd5 30. Kg2 Rf6 31. Rde2 Kf7 32. f4 h5 33. Re1 Rh8 34. Rh1 Rg6 35. Kf3 Rf6 36. Kg2 Rf5 37. Bc1 Rh6 38. Bd2 Rg6 39. Kf3 Rh6 40. Ba5 Bb8 41. Bd8 Rh8 42. Bg5 g6 43. Ke2 Rd8 44. Kf3 Nf6 45. Bxf6 Rxf6 46. g4 hxg4+ 47. Kxg4 Kg7 48. b4 Bc7 49. Nd2 Rdf8 50. Rf1 g5 51. Nc4 gxf4 52. Kf3 Rg6 53. Ne5 Rg3+ 54. Kf2 Bxe5 55. Rxe5 Rxa3 56. Rxe6 Rh8 57. Re7+ Kf6 58. Rxb7 Kf5 59. Re1 Ra2+ 60. Kg1 Rg8+ 61. Kf1 Kg4 62. Rf7 Rh8 63. Rh7 Rxh7 0-1


[Site "https://www.chess.com"]

[Event "Titled Tuesday Blitz May 10 Early 2022"]
[White "Maksimovic, Bojan"]
[Black "Mikhnenko, Alexander"]
[WhiteFideId "14408120"]
[BlackFideId "34143014"]
[WhiteElo "2448"]
[BlackElo "2117"]
[Result "1-0"]
[Round "02"]
[TimeControl "180+1"]
[Date "2022.05.11"]
[WhiteClock "0:00:03"]
[BlackClock "0:00:00"]

1. d4 d5 2. c4 c6 3. Nf3 Nf6 4. e3 Bf5 5. Bd3 Bxd3 6. Qxd3 e6 7. O-O Be7 8. Nc3 O-O 9. e4 dxe4 10. Nxe4 Nxe4 11. Qxe4 Nd7 12. Re1 Nf6 13. Qc2 c5 14. dxc5 Bxc5 15. Bg5 h6 16. Rad1 Qe7 17. Bxf6 Qxf6 18. Rd7 b6 19. Ne5 Rad8 20. Rxa7 Rd4 21. Nf3 Rf4 22. a3 b5 23. Ra5 Rxc4 24. Qe2 Rg4 25. Rxb5 Bd6 26. h3 Rf4 27. Rb6 Bc5 28. Rc6 Ba7 29. Rc7 Bb8 30. Rb7 Qg6 31. Rb4 Rxb4 32. axb4 Rd8 33. b5 Qf5 34. Rd1 Rxd1+ 35. Qxd1 Qxb5 36. Qd8+ Kh7 37. Qd2 Be5 38. Qc2+ g6 39. b3 Bf6 40. Qc4 Qxc4 41. bxc4 e5 42. Kf1 Kg7 43. Ke2 Kf8 44. Kd3 Ke7 45. Ke4 Ke6 46. g4 Bg7 47. g5 1-0


[Site "https://www.chess.com"]

[Event "Titled Tuesday Blitz May 10 Early 2022"]
[White "Mammadzada, Gunay"]
[Black "Nugumanov, Bakhtiyar"]
[WhiteFideId "13403729"]
[BlackFideId "13701797"]
[WhiteElo "2242"]
[BlackElo "2262"]
[Result "1-0"]
[Round "02"]
[TimeControl "180+1"]
[Date "2022.05.11"]
[WhiteClock "0:01:00"]
[BlackClock "0:00:54"]

1. d4 d5 2. Nf3 e6 3. e3 Nf6 4. Bd3 Bd6 5. O-O O-O 6. b3 c5 7. Bb2 Nc6 8. Nbd2 b6 9. Ne5 Bb7 10. f4 Rc8 11. a3 Qc7 12. Qf3 Nd7 13. Nxd7 Qxd7 14. dxc5 bxc5 15. Bxh7+ Kxh7 16. Qh5+ Kg8 17. Bxg7 Kxg7 18. Qg5+ Kh8 19. Qf6+ Kh7 20. Rf3 e5 21. f5 1-0


[Site "https://www.chess.com"]

[Event "Titled Tuesday Blitz May 10 Early 2022"]
[White "Marin Masis, Jose Esteban"]
[Black "Perez Rodriguez, Jennifer"]
[WhiteFideId "6508146"]
[BlackFideId "3507831"]
[WhiteElo "1710"]
[BlackElo "2170"]
[Result "0-1"]
[Round "02"]
[TimeControl "180+1"]
[Date "2022.05.11"]
[WhiteClock "0:00:18"]
[BlackClock "0:01:29"]

1. e4 e5 2. Nf3 Nc6 3. d4 exd4 4. Bc4 Nf6 5. O-O Nxe4 6. Re1 d5 7. Bxd5 Qxd5 8. Nc3 Qa5 9. Nxe4 Be6 10. Bd2 Bb4 11. a3 Bxd2 12. Qxd2 Qxd2 13. Nexd2 O-O-O 14. Ne5 Nxe5 15. Rxe5 Rd5 16. Rae1 Rhd8 17. Nf3 Rxe5 18. Nxe5 c5 19. f4 Kc7 20. Kf2 f6 21. Nd3 Bf5 22. Nxc5 Bxc2 23. Ne6+ Kc8 24. Nxd8 Kxd8 25. Re2 Bf5 26. Rd2 d3 27. h3 h5 28. Kf3 h4 29. Ke3 Kc7 30. Rd1 Kd6 31. Rc1 b5 32. b4 g6 33. Rc5 a6 34. Kf3 d2 35. Ke2 Be4 36. g3 hxg3 37. Kxd2 g2 38. Rc1 Bf5 39. h4 Bh3 40. Ke3 Ke6 41. Kf3 Kf5 42. Kg3 Bg4 43. Rc5+ Ke4 44. Kxg2 Kxf4 45. Rc6 Bf3+ 46. Kf2 Bxc6 0-1


[Site "https://www.chess.com"]